AoeStats
← Daarth Vader

Fortress

510384720Analyzed
1v1 RM · 1d ago on Sep 30, 2026· 23m 3s· 2 players
Game mode
Random Map
Map size
Small (3 player)
Population
200
Speed
Normal
Resources
Standard
Victory
Conquest
Starting age
Dark Age
Ending age
Imperial Age
RankedLock teamsTeams togetherTeam positionsShared explorationLock speedFull tech treeHidden civsTurbo modeCheats
Victory
Defeat
🇲🇽 Vikings · Mexico
1285
+16
🇺🇸 Danes · United States
1278
-16
Daarth Vader
7:09 Feudal Age
7:19 Loom
10:44 Castle Age
8:44 Double-Bit Axe
8:40 Horse Collar
9:35 Scale Mail Armor
11:28 Squires
22:32 Sanctity
El Mulo
7:26 Feudal Age
11:05 Castle Age
9:06 Double-Bit Axe
10:39 Scale Barding Armor
10:36 Scale Mail Armor
10:59 Loom
14:31 Forging
14:52 Squires
19:42 Scale Barding Armor
19:53 Chain Mail Armor
20:14 Iron Casting
Connection lost

Rejoining the realm…

Still unreachable

The connection could not be restored.

Session expired

The server has moved on; the page needs a fresh start.